 Dungeon Crawl Stone Soup version 0.29.1-13-g9f3cf754e1 (webtiles) character file.

Game seed: 9200894627829370704

2037 soylentgreeen202 the Basher (level 9, -1/79 HPs)
             Began as a Troll Warper on Dec 20, 2022.
             Was an Initiate of Yredelemnul.
             Slain by a black bear (7 damage)
             ... on level 7 of the Dungeon on Jan 29, 2023.
             The game lasted 01:01:21 (7290 turns).

soylentgreeen202 the Basher (Troll Warper)          Turns: 7290, Time: 01:01:22

Health: -1/79      AC:  6    Str: 23    XL:     9   Next: 4%
Magic:  8/10       EV: 10    Int:  9    God:    Yredelemnul [......]
Gold:   136        SH:  0    Dex: 11    Spells: 9/11 levels left

rFire   . . .      SeeInvis .   E - +2 whip (venom)
rCold   + . .      Faith    .   (no shield)
rNeg    + . .      Spirit   .   D - +2 robe of Rics {rElec rC+ Stlth+}
rPois   .          Reflect  .   (helmet restricted)
rElec   +          Harm     .   (no cloak)
rCorr   .          Rampage  .   (gloves unavailable)
Will    .....                   (boots unavailable)
Stlth   ++........              (no amulet)
HPRegen 1.03/turn               G - ring of positive energy
MPRegen 0.12/turn               (no ring)

@: no status effects
A: large, unfitting armour, claws 3, regeneration 1, shaggy fur 1, tough skin 1
a: Renounce Religion, Recall Undead Harvest


You were on level 7 of the Dungeon.
You worshipped Yredelemnul.
Yredelemnul was noncommittal.
You visited 1 branch of the dungeon, and saw 7 of its levels.

You collected 416 gold pieces.
You spent 280 gold pieces at shops.

Inventory:

Hand Weapons
 a - a +0 mace
 l - a +0 flail
 A - a +3 quarterstaff of chaos
 C - a +0 hammer
 E - a +2 whip of venom (weapon)
Missiles
 d - 3 boomerangs of dispersal
 o - 4 poisoned darts
 s - 6 javelins
Armour
 b - a +0 robe
 i - a +0 leather armour
 y - a +2 robe of positive energy
 B - a +2 cloak
 D - the +2 robe of Rics (worn) {rElec rC+ Stlth+}
   (You found it on level 7 of the Dungeon)

   rC:        It protects you from cold.
   rElec:     It insulates you from electricity.
   Stlth:     It makes you more stealthy.
Jewellery
 k - a ring of resist corrosion
 n - an amulet of guardian spirit
 F - an amulet of reflection
 G - a ring of positive energy (left claw)
Wands
 m - a wand of polymorph (11)
 r - a wand of acid (5)
 t - a wand of charming (11)
Scrolls
 c - 2 scrolls of blinking
 e - a scroll of enchant armour {unknown}
 f - a scroll of brand weapon
 v - a scroll of identify
 x - a scroll of enchant weapon {unknown}
Potions
 g - 3 potions of heal wounds
 h - a potion of curing
 j - 4 potions of cancellation {unknown}
 p - 2 potions of brilliance {unknown}
 q - a potion of haste
 u - a potion of flight {unknown}
 w - a potion of might {unknown}
 z - a potion of magic {unknown}


   Skills:
 + Level 2.2 Fighting
 * Level 10.6 Maces & Flails
 - Level 1.0 Throwing
 + Level 2.3 Dodging
 + Level 1.5 Spellcasting
 - Level 2.1 Translocations


You had 9 spell levels left.
You knew the following spells:

 Your Spells              Type           Power      Damage    Failure   Level
a - Blink                 Tloc           8%         N/A       22%         2

Your spell library contained the following spells:

 Spells                   Type           Power      Damage    Failure   Level
 Gell's Gravitas          Tloc           4%         N/A       41%         3
 Lesser Beckoning         Tloc           4%         N/A       41%         3
 Teleport Other           Tloc           4%         N/A       41%         3
 Ozocubu's Armour         Ice            0%         N/A       71%         3
 Summon Guardian Golem    Hex/Summ       0%         N/A       71%         3
 Manifold Assault         Tloc           4%         N/A       99%         5
 Metabolic Englaciation   Hex/Ice        0%         N/A       100%        5
 Dispersal                Tloc           2%         N/A       100%        6
 Orb of Destruction       Conj           0%         9d5       100%        7
 Spellforged Servitor     Conj/Summ      0%         N/A       100%        7
 Simulacrum               Ice/Necr       Unusable   N/A       N/A         6

Dungeon Overview and Level Annotations

Branches:
Dungeon (7/15)             Temple (0/1) D:4

Altars:
Gozag
Vehumet
Yredelemnul

Shops:
D:5 !   D:7 (*


Innate Abilities, Weirdness & Mutations

You are too large for most types of armour.
You have claws for hands.
Your natural rate of healing is unusually fast.
You are covered in fur. (AC +1)
You have tough skin. (AC +1)


Message History

Your orc priest zombie barely misses the centaur.
You hit the steam dragon but do no damage.
The steam dragon is poisoned.
You kill the centaur!
The dead are walking!
The steam dragon bites you.
The steam dragon claws you but does no damage.
You have reached level 9!
Your experience leads to an increase in your attributes!
Increase (S)trength, (I)ntelligence, or (D)exterity?
You feel agile. x2; You feel stronger.
You whack the steam dragon!
The steam dragon looks as sick as possible!
The steam dragon is moderately wounded.
You hit the steam dragon.
The steam dragon looks as sick as possible!
The steam dragon is moderately wounded.
The steam dragon bites you but does no damage.
The steam dragon completely misses you.
Your iguana zombie bites the steam dragon!
Your orc priest zombie closely misses the steam dragon.
The steam dragon breathes steam at you.
The ball of steam hits your orc priest zombie!
Your orc priest zombie is destroyed!
The ball of steam hits you!
* * * LOW HITPOINT WARNING * * *
The wight hits your iguana zombie with a +4 hand axe!
Your iguana zombie is destroyed!
The wight hits your centaur zombie with a +4 hand axe.
The black bear bites you!
* * * LOW HITPOINT WARNING * * *
The black bear claws you.
* * * LOW HITPOINT WARNING * * *
The black bear claws you but does no damage.
Your centaur zombie hits the wight.
Your centaur zombie kicks the wight but does no damage.
The black bear is engulfed in a cloud of scalding steam.
The black bear attacks as you move away!
The black bear bites you!
You die...
Your body rises from the dead as a mindless zombie.

#.#......Z.#######
#.###.....ZZZ..Z.. #.#
#......#.Z##.. #.#
#.........#### #.#
#......#..#
#.###.........#
#..#####......#
#######.########...#
#..).h@....# #...#
#....§D....# #...#
......Zzz§........#...#
......z.......###.#####
..............#
........P.....#
..............#
.........P....#
...♣~.P.♣...#


You could see a steam dragon (extremely poisoned, catching breath, ally target),
a black bear, 2 wights and a friendly centaur zombie.

Vanquished Creatures
  Grinder (D:5)
  Prince Ribbit (D:5)
  A water moccasin (D:5)
  A black bear (D:6)
  2 ice beasts (D:6)
  2 sky beasts
  2 centaurs
  A bullfrog (D:6)
  2 scorpions
  2 hounds
  3 orc priests
  Crazy Yiuf (D:5)
  2 jellies (D:5)
  4 iguanas
  5 adders
  2 shadow imps
  An ufetubus (D:5)
  A worm (D:3)
  The ghost of Smersh616 the Covert, a weakling GnDe (D:6)
  19 orcs
  3 bats
  5 endoplasms
  2 goblins
  5 hobgoblins
  A jackal (D:2)
  2 quokkas
  3 ball pythons
  2 frilled lizards (D:2)
  10 kobolds
  4 rats
91 creatures vanquished.

Vanquished Creatures (collateral kills)
  A centaur (D:5)
  Blork the orc (D:5)
  A kobold brigand (D:7)
  2 hounds (D:6)
  A shadow imp (D:6)
  2 orcs
  2 bats (D:1)
  An endoplasm (D:1)
  A hobgoblin (D:1)
  2 kobolds (D:1)
14 creatures vanquished.

Vanquished Creatures (others)
  A water moccasin zombie (D:5)
  2 iguana zombies
  An adder zombie (D:4)
  A bat zombie (D:2)
  A frilled lizard zombie (D:2)
  A hobgoblin zombie (D:4)
  3 kobold zombies (D:7)
  7 orc zombies
  A quokka zombie (D:5)
  A spectral ufetubus (D:5)
  8 plants (D:7)
27 creatures vanquished.

Grand Total: 132 creatures vanquished

Notes
Turn   | Place    | Note
-------+----------+-------------------------------------------
     0 | D:1      | soylentgreeen202 the Troll Warper began the quest for the
                  | Orb.
     0 | D:1      | Reached XP level 1. HP: 19/19 MP: 1/1
    22 | D:1      | Found a faded altar of an unknown god.
    34 | D:1      | Prayed at the altar of an unknown god.
    34 | D:1      | Became a worshipper of Yredelemnul the Dark
    34 | D:1      | Reached * piety under Yredelemnul
   125 | D:1      | Upgraded the game from 0.29.1-12-g30fa7ad0bf to
                  | 0.29.1-13-g9f3cf754e1
   225 | D:1      | Reached skill level 1 in Throwing
   241 | D:1      | Reached skill level 2 in Maces & Flails
   243 | D:1      | Reached XP level 2. HP: 26/28 MP: 2/2
  1238 | D:2      | Learned a level 2 spell: Blink
  1913 | D:3      | Reached XP level 3. HP: 35/35 MP: 3/3
  2495 | D:4      | Reached skill level 3 in Maces & Flails
  2721 | D:4      | Found a staircase to the Ecumenical Temple.
  3037 | D:4      | Reached XP level 4. HP: 42/42 MP: 4/4
  3060 | D:4      | Reached skill level 4 in Maces & Flails
  3187 | D:4      | Identified the +1 leather armour of the Mordant God {rPois
                  | Int+4 Stlth-}
  3521 | D:4      | Noticed a scorpion
  3642 | D:4      | Killed a scorpion
  3643 | D:4      | Reached XP level 5. HP: 37/49 MP: 5/5
  3882 | D:5      | Entered Level 5 of the Dungeon
  3893 | D:5      | Noticed a black bear
  4136 | D:5      | Reached skill level 5 in Maces & Flails
  4330 | D:5      | Found a runed translucent door.
  4331 | D:5      | Noticed Crazy Yiuf
  4349 | D:5      | Noticed Blork the orc
  4349 | D:5      | Noticed Grinder
  4349 | D:5      | Noticed Prince Ribbit
  4395 | D:5      | Noticed a centaur
  4396 | D:5      | Noticed a water moccasin
  4653 | D:6      | Noticed an ice beast
  4669 | D:6      | Killed an ice beast
  4670 | D:6      | Reached XP level 6. HP: 47/57 MP: 3/6
  4964 | D:6      | Reached skill level 6 in Maces & Flails
  5165 | D:6      | Noticed an ice beast
  5179 | D:6      | Killed an ice beast
  5274 | D:6      | Reached skill level 7 in Maces & Flails
  5274 | D:6      | Reached XP level 7. HP: 44/65 MP: 4/7
  5368 | D:6      | Found a runed translucent gate.
  5368 | D:6      | Found a runed translucent gate.
  5382 | D:6      | Found a runed translucent gate.
  5476 | D:6      | Noticed Smersh616's ghost (weakling GnDe)
  5507 | D:6      | Killed Smersh616's ghost
  5663 | D:6      | Reached ** piety under Yredelemnul
  5698 | D:6      | Found a radiant altar of Vehumet.
  5709 | D:6      | Reached skill level 8 in Maces & Flails
  5736 | D:6      | Found an opulent altar of Gozag.
  5883 | D:5      | Reached XP level 8. HP: 20/72 MP: 8/8
  5978 | D:5      | Killed Blork the orc
  6024 | D:5      | Reached skill level 9 in Maces & Flails
  6030 | D:5      | Killed Prince Ribbit
  6036 | D:5      | Found Tisehar's Distillery.
  6331 | D:5      | Paralysed by Grinder for 3 turns
  6337 | D:5      | Killed Grinder
  6338 | D:5      | Reached skill level 10 in Maces & Flails
  6536 | D:5      | Killed Crazy Yiuf
  6802 | D:7      | wq
  6802 | D:7      | S
  6909 | D:7      | Identified the +2 robe of Rics {rElec rC+ Stlth+}
  6940 | D:7      | Found Xysirah's Antique Weapon Emporium.
  7118 | D:7      | Found Anwe's Assorted Antiques.
  7121 | D:7      | Bought a lumpy beryl amulet for 140 gold pieces
  7121 | D:7      | Bought a small wooden ring for 140 gold pieces
  7286 | D:7      | Reached XP level 9. HP: 29/79 MP: 8/10
  7290 | D:7      | Slain by a black bear

Illustrated notes

## ......... .........
.# ###. #######..
#.......# #.......#
#.......# #......@# .
#......## .. #......##
... #......#.. ....
........PPP~# .....
....!...P~~~~P.##......
......P~~~P♣~~~<.......
.......P~♣♣♣♣~P.#......
.......P~~ ♣~~P. .....


Turn 6802 on D:7: wq

Levels and vault maps discovered:
D:1:      minmay_arrival_semitransparent, layout_rooms,
          hellmonk_ecumenical_altar_crossroads, minmay_tromino_i4
D:2:      layout_loops_ring, kennysheep_doodads
D:3:      layout_basic, small_statue_intersection
D:4:      layout_loops_corners, minmay_temple_entry_grid, wad_floor_pattern_1,
          st_stairs_1
D:5:      layout_loops_ring, serial_shops, kennysheep_mini_moat, uniq_grinder,
          uniq_crazy_yiuf_cottage, uniq_blork_the_orc, uniq_prince_ribbit1
D:6:      layout_loops_ring, mainiacjoe_overflow_two_lobes,
          ebering_ghost_rock_garden, hangedman_decor_clover_reticule
D:7:      layout_basic, serial_bayou, serial_bayou_shore_a, serial_bayou_pond_c,
          serial_bayou_pond_a, serial_bayou_pond_a, serial_bayou_pond_d,
          serial_shops, shop, shop, nicolae_take_the_stairs, grunt_ministairs_8

Skill      XL: |  1  2  3  4  5  6  7  8 |
---------------+-------------------------+-----
Throwing       | 1 |  1.0
Dodging        | 2 |  2.3
Maces & Flails | 2 3 4 5 7 8 10 | 10.6
Fighting       | 2 |  2.2
Spellcasting   | |  1.5
Translocations | |  2.1

Action                   |  1- 3 |  4- 6 |  7- 9 || total
-------------------------+-------+-------+-------++-------
Melee: Mace              |   114 |    56 |       ||   170
       Punch             |     2 |     2 |       ||     4
       Flail             |       |   115 |   191 ||   306
       Whip              |       |       |    15 ||    15
Throw: Dart              |       |     4 |       ||     4
       Boomerang         |       |     4 |       ||     4
 Cast: Blink             |       |     2 |       ||     2
Invok: Recall Undead Har |     2 |     7 |     5 ||    14
  Use: Scroll            |     7 |     3 |       ||    10
       Potion            |       |     2 |       ||     2
 Stab: Sleeping          |     1 |       |       ||     1
       Distracted        |       |       |     1 ||     1
Armor: Robe              |    43 |    62 |    63 ||   168
Dodge: Dodged            |    70 |   139 |    86 ||   295
